 Dungeon Crawl Stone Soup version 0.32-a0-306-gfed3edf829 (webtiles) character file.

Game seed: 5588154512308010468

5405 pokeman the Thaumaturge (level 10, -7/56 HPs)
             Began as a Deep Elf Hedge Wizard on Feb 14, 2024.
             Was a Believer of Vehumet.
             Mangled by a yak (11 damage)
             ... on level 9 of the Dungeon on Feb 15, 2024.
             The game lasted 00:21:28 (7439 turns).

pokeman the Thaumaturge (Deep Elf Hedge Wizard)     Turns: 7439, Time: 00:21:29

Health: -7/56      AC:  8    Str:  7    XL:     10   Next: 40%
Magic:  36/38      EV: 12    Int: 30    God:    Vehumet [**....]
Gold:   553        SH:  0    Dex: 14    Spells: 27/36 levels left

rFire   . . .        n - +7 Throatcutter {drain, coup de grace}
rCold   . . .        (no shield)
rNeg    . . .        j - +1 leather armour {rPois}
rPois   +            c - +0 hat
rElec   .            i - +0 cloak
rCorr   .            (no gloves)
SInv    .            t - +2 pair of boots
Will    ++...        (no amulet)
Stlth   ++           F - ring of magical power
HPRegen 0.29/turn    A - +6 ring of intelligence
MPRegen 0.26/turn

%: no passive effects
@: lethally poisoned (-7 -> -9), on blink cooldown, enlightened, flying
A: no striking features
a: Renounce Religion


You were on level 9 of the Dungeon.
You worshipped Vehumet.
Vehumet was pleased with you.
You visited 2 branches of the dungeon, and saw 10 of its levels.

You collected 553 gold pieces.

Inventory:

Hand Weapons
 a - a +1 dagger of venom
 n - the +7 Throatcutter (weapon) {drain, coup de grace}
   (You found it on level 3 of the Dungeon)
Armour
 c - a +0 hat (worn)
 i - a +0 cloak (worn)
 j - a +1 leather armour of poison resistance (worn)
 p - a +2 tower shield
 t - a +2 pair of boots (worn)
 u - a +1 robe of fire resistance
Magical Staves
 B - a staff of earth
Jewellery
 r - a ring of protection from fire
 A - a +6 ring of intelligence (right hand)
 E - a ring of resist corrosion
 F - a ring of magical power (left hand)
Wands
 f - a wand of charming (11)
 G - a wand of digging (5)
Scrolls
 b - 4 scrolls of enchant armour {unknown}
 e - 6 scrolls of identify {unknown}
 g - 2 scrolls of revelation {unknown}
 h - a scroll of noise {unknown}
 l - 5 scrolls of immolation {unknown}
 m - 6 scrolls of teleportation {unknown}
 s - a scroll of enchant weapon {unknown}
 v - 3 scrolls of amnesia {unknown}
 w - 2 scrolls of blinking {unknown}
 y - a scroll of fog {unknown}
 z - a scroll of fear {unknown}
Potions
 d - a potion of magic
 k - a potion of enlightenment
 o - 2 potions of heal wounds {unknown}
 q - 2 potions of brilliance {unknown}
 x - a potion of curing {unknown}
 C - a potion of degeneration {unknown}
 D - 2 potions of mutation {unknown}


   Skills:
 + Level 3.6 Fighting
 - Level 3.0 Armour
 - Level 3.0 Dodging
 - Level 3.0 Stealth
 - Level 3.0 Shields
 * Level 13.7 Spellcasting
 + Level 7.8 Conjurations
 - Level 1.1 Summonings
 - Level 1.1 Translocations
 + Level 4.3 Fire Magic
 - Level 1.2 Air Magic
 - Level 3.0 Earth Magic
 - Level 1.3 Alchemy
 - Level 1.1 Evocations


You had 27 spell levels left.
You knew the following spells:

 Your Spells              Type           Power      Damage    Failure   Level
a - Magic Dart            Conj           100%       1d8       1%          1
b - Mephitic Cloud        Conj/Alch/Air  41%        N/A       2%          3
c - Call Imp              Summ           54%        N/A       3%          2
d - Blink                 Tloc           54%        N/A       3%          2
e - Foxfire               Conj/Fire      100%       2x1d9     1%          1

Your spell library contained the following spells:

 Spells                   Type           Power      Damage    Failure   Level
 Scorch                   Fire           92%        2d8       1%          2
 Slow                     Hex            80%        N/A       3%          1
 Cigotuvi's Dreadful Rot  Necr/Alch/Air  50%        N/A       3%          2
 Passwall                 Erth           38%        N/A       3%          3
 Ensorcelled Hibernation  Hex/Ice        40%        N/A       5%          2
 Swiftness                Air            27%        N/A       6%          3
 Confusing Touch          Hex            20%        N/A       11%         3
 Sigil of Binding         Hex            20%        N/A       11%         3
 Vampiric Draining        Necr           20%        2d7       11%         3


Dungeon Overview and Level Annotations

Branches:
Dungeon (9/15)             Temple (1/1) D:4
   Lair: D:8-11         Orc: D:9-12

Altars:
Ashenzari
Cheibriados
Dithmenos
Elyvilon
Fedhas
Gozag
Hepliaklqana
Kikubaaqudgha
Makhleb
Nemelex Xobeh
Okawaru
Qazlal
Ru
Sif Muna
Trog
Uskayaw
Vehumet
Wu Jian
Xom
Yredelemnul
Zin
The Shining One

Shops:
D:1 :


Message History

You feel sick.
You hear a bellow!
The yak seems less confused.
The killer bee is engulfed in noxious fumes.
The killer bee appears confused.
The killer bee is engulfed in noxious fumes.
The killer bee appears confused.
The killer bee is engulfed in noxious fumes.
The killer bee appears confused.
The killer bee closely misses you.
The killer bee is engulfed in noxious fumes.
The killer bee stings you but does no damage.
The killer bee is engulfed in noxious fumes.
The killer bee appears confused.
The killer bee barely misses you.
The killer bee is engulfed in noxious fumes.
The killer bee appears confused.
The killer bee barely misses you.
The killer bee is engulfed in noxious fumes.
The killer bee appears confused.
The killer bee is engulfed in noxious fumes.
The killer bee appears confused.
The killer bee stings you!
* * * LOW HITPOINT WARNING * * *
Unknown command.
It was a potion of enlightenment.
You feel very buoyant.
You fly up into the air.
You feel sick.
The killer bee is engulfed in noxious fumes.
The killer bee stings you but does no damage.
The killer bee is engulfed in noxious fumes.
The killer bee appears confused.
The killer bee stings you but does no damage.
The killer bee stings itself!
The killer bee is engulfed in noxious fumes.
The killer bee appears confused.
The killer bee stings you.
* * * LOW HITPOINT WARNING * * *
The killer bee is engulfed in noxious fumes.
The killer bee appears confused.
The killer bee closely misses you.
The killer bee is engulfed in noxious fumes.
The killer bee appears confused.
The killer bee misses you.
The yak is engulfed in noxious fumes.
The yak appears confused.
The yak gores you!
You die...

#.# #^.......# #.#
#........# #.#
#...###..# #.# #...#
#..# #.# #...# #..#
...#####.# #...# #..#
.......<.# #...# #..#
.........# ######...#
#..#
...#####.###y@y##...#
#..# . #.k†YY#y######
#..# #..####yyy #..#
#..# yy.†! #..# #..#
...!†# #..# #..#
.†...####..# #..#
######.....# #..#
#.......# #..#
#..###..#


You could see 2 yaks, a wyvern (confused) and 8 killer bees.

Vanquished Creatures
  A queen bee (D:9)
  A hornet (D:8)
  2 yaks (D:9)
  Eustachio (D:5)
  A steam dragon (D:7)
  Menkaure (D:4)
  3 water moccasins
  4 sky beasts
  2 ice beasts
  An orc warrior (D:8)
  2 black bears
  4 centaurs
  3 ogres (D:4)
  A kobold brigand (D:3)
  A gnoll sergeant (D:8)
  3 bullfrogs
  3 scorpions
  4 wights (D:7)
  14 killer bees
  5 howler monkeys (D:8)
  2 gnoll boudas
  5 orc priests
  2 hounds
  4 iguanas
  Ijyb (D:3)
  Natasha (thrice) (D:2)
  9 orc wizards
  14 gnolls
  3 adders
  2 white imps
  2 ufetubi (D:6)
  2 ribbon worms
  4 dart slugs
  22 orcs
  5 ball pythons
  4 bats
  7 endoplasms
  6 goblins
  6 hobgoblins
  4 jackals (D:2)
  3 quokkas
  A frilled lizard (D:1)
  11 kobolds
  4 rats (D:1)
183 creatures vanquished.

Vanquished Creatures (collateral kills)
  A quokka (D:3)
1 creature vanquished.

Vanquished Creatures (others)
  200 foxfires
200 creatures vanquished.

Grand Total: 384 creatures vanquished

Notes
Turn   | Place    | Note
-------+----------+-------------------------------------------
     0 | D:1      | pokeman the Deep Elf Hedge Wizard began the quest for the
                  | Orb.
     0 | D:1      | Reached XP level 1. HP: 10/10 MP: 7/7
   275 | D:1      | Reached XP level 2. HP: 13/16 MP: 1/9
   635 | D:1      | Reached skill level 5 in Spellcasting
   688 | D:1      | Found Zucy's Vocational Training.
   785 | D:1      | Reached XP level 3. HP: 20/20 MP: 9/11
   789 | D:1      | Learned a level 3 spell: Mephitic Cloud
   792 | D:1      | Learned a level 2 spell: Call Imp
   795 | D:1      | Learned a level 2 spell: Blink
  1023 | D:1      | Reached skill level 1 in Armour
  1263 | D:2      | Reached skill level 1 in Fighting
  1473 | D:2      | Reached XP level 4. HP: 24/25 MP: 4/13
  1608 | D:2      | Noticed Natasha
  1618 | D:2      | Killed Natasha
  1954 | D:2      | Noticed Natasha
  1967 | D:2      | Killed Natasha
  1968 | D:2      | Reached skill level 6 in Spellcasting
  1968 | D:2      | Reached XP level 5. HP: 29/29 MP: 8/15
  2109 | D:2      | Noticed Natasha
  2119 | D:2      | Killed Natasha
  2236 | D:3      | Noticed Ijyb
  2236 | D:3      | Found a radiant altar of Vehumet.
  2275 | D:3      | HP: 2/43 [Ijyb/+0 club (4)]
  2278 | D:3      | Killed Ijyb
  2655 | D:3      | Found a faded altar of an unknown god.
  2659 | D:3      | Found a shimmering altar of Xom.
  2821 | D:3      | Found a faded altar of an unknown god.
  2848 | D:3      | Reached XP level 6. HP: 34/34 MP: 14/17
  2938 | D:3      | Found the +7 Throatcutter {drain, coup de grace}
  3086 | D:4      | Reached skill level 7 in Spellcasting
  3086 | D:4      | Reached skill level 1 in Air Magic
  3086 | D:4      | Reached skill level 1 in Alchemy
  3086 | D:4      | Reached skill level 1 in Evocations
  3151 | D:4      | Reached XP level 7. HP: 20/39 MP: 8/20
  3359 | D:4      | Noticed Menkaure
  3360 | D:4      | Reached skill level 8 in Spellcasting
  3373 | D:4      | Killed Menkaure
  3487 | D:4      | Found a shimmering blue altar of Sif Muna.
  3621 | D:4      | Found a staircase to the Ecumenical Temple.
  3628 | Temple   | Entered the Ecumenical Temple
  3718 | D:3      | Became a worshipper of Vehumet
  4072 | D:5      | Entered Level 5 of the Dungeon
  4110 | D:5      | Noticed Eustachio
  4117 | D:5      | Killed Eustachio
  4118 | D:5      | Reached skill level 1 in Shields
  4118 | D:5      | Reached skill level 9 in Spellcasting
  4118 | D:5      | Reached XP level 8. HP: 44/44 MP: 19/23
  4490 | D:5      | Reached skill level 5 in Conjurations
  4522 | D:5      | Reached skill level 10 in Spellcasting
  5008 | D:6      | Reached skill level 11 in Spellcasting
  5140 | D:6      | Reached XP level 9. HP: 48/48 MP: 20/26
  5195 | D:6      | Reached * piety under Vehumet
  5195 | D:6      | Offered knowledge of Foxfire by Vehumet.
  5198 | D:6      | Learned a level 1 spell: Foxfire
  5568 | D:7      | Reached skill level 1 in Fire Magic
  5597 | D:7      | Reached skill level 1 in Earth Magic
  5597 | D:7      | Identified the +2 sling "Lamaed" {drain, Dex+6 Stlth+}
  5688 | D:7      | Reached skill level 12 in Spellcasting
  5780 | D:7      | Found a hide-covered altar of Uskayaw.
  5780 | D:7      | Found an ancient bone altar of Kikubaaqudgha.
  5787 | D:7      | Found a sparkling altar of Nemelex Xobeh.
  5790 | D:7      | Found a glowing silver altar of Zin.
  5792 | D:7      | Found a white marble altar of Elyvilon.
  5797 | D:7      | Found an ornate altar of the Wu Jian Council.
  6415 | D:7      | Found a glowing golden altar of the Shining One.
  6473 | D:8      | Offered knowledge of Scorch by Vehumet.
  6477 | D:8      | Reached ** piety under Vehumet
  6705 | D:8      | Identified the serpent talisman "Urun" {rElec}
  6784 | D:8      | Found a hazy altar of Hepliaklqana.
  6911 | D:8      | Reached XP level 10. HP: 55/55 MP: 28/28
  6961 | D:8      | Reached skill level 13 in Spellcasting
  7439 | D:9      | Mangled by a yak

Illustrated notes

Levels and vault maps discovered:
D:1:      dpeg_arrival_rooms_b, layout_loops_ring, nicolae_shop_vocational
D:2:      cheibrodos_pilgrimage, layout_basic, serial_park_tiny_1, uniq_natasha
D:3:      layout_rooms, nicolae_overflow_ecumenical_swirl,
          mainiacjoe_overflow_catwalk, ebering_ecumenical_altar_hall,
          dilly_guarded_unrand_throatcut, uniq_ijyb
D:4:      layout_basic, lemuel_crystal_altar, minmay_temple_entry_junction_2,
          kennysheep_boxes, uniq_menkaure
D:5:      layout_loops_ring, uniq_eustachio
D:6:      layout_cave_pools, minmay_misc_feat_secret_circle
D:7:      layout_rooms, tso_altar, nicolae_overflow_hallway_of_the_gods,
          moated_statue
D:8:      layout_cave_pools, mainiacjoe_overflow_surrounded_room,
          serial_column_ruins, column_ruins_circle_large, column_ruins_grid_1,
          column_ruins_grid_3, column_ruins_corridor_straight
D:9:      layout_long_grid, special_room [special_room_bee]
Temple:   minmay_freezing_vapour_temple

Skill      XL: |  1  2  3  4  5  6  7  8  9 10 |
---------------+-------------------------------+-----
Spellcasting   | 5 6 7 9 11 12 13 | 13.7
Armour         | 1 2 3 |  3.0
Fighting       | 1 2 3 |  3.6
Conjurations   | 2 3 4 6 7 |  7.8
Stealth        | 3 |  3.0
Dodging        | 3 |  3.0
Air Magic      | 1 |  1.2
Alchemy        | 1 |  1.3
Evocations     | 1 |  1.1
Shields        | 1 3 |  3.0
Fire Magic     | 3 4 |  4.3
Earth Magic    | 3 |  3.0
Summonings     | |  1.1
Translocations | |  1.1

Action                     |  1- 3 |  4- 6 |  7- 9 | 10-12 || total
---------------------------+-------+-------+-------+-------++-------
  Melee: Dagger            |    29 |    64 |       |       ||    93
         Short sword       |     2 |     5 |       |       ||     7
         Long sword        |       |    13 |    96 |    21 ||   130
   Cast: Magic Dart        |    80 |    36 |    49 |       ||   165
         Mephitic Cloud    |     1 |     9 |    25 |     7 ||    42
         Call Imp          |       |     1 |     3 |       ||     4
         Foxfire           |       |       |   120 |    21 ||   141
         Blink             |       |       |       |     1 ||     1
    Use: Potion            |       |     1 |       |     1 ||     2
   Stab: Confused          |       |     3 |     4 |     2 ||     9
 Armour: Robe              |    18 |    14 |       |       ||    32
         Skin              |       |    13 |       |       ||    13
         Leather armour    |       |    21 |    61 |    19 ||   101
  Dodge: Dodged            |    43 |    61 |    83 |    28 ||   215

Table legend: (Time is in decaauts)
 A = Elapsed time spent in this place.
 B = Non-inter-level travel time spent in this place.
 C = Inter-level travel time spent in this place.
 D = Time resting spent in this place.
 E = Time spent auto-exploring this place.
 F = Levels seen in this place.
 G = Mean time per level.
                   A        B        C        D        E       F      G
               +--------+--------+--------+--------+--------+-----+--------+
         Total |   7486 |   7189 |    297 |    116 |   5907 |  10 |  748.6 |
       Dungeon |   7482 |   7185 |    297 |    116 |   5907 |   9 |  831.3 |
        Temple |      4 |      4 |      0 |      0 |      0 |   1 |    4.0 |
               +--------+--------+--------+--------+--------+-----+--------+

Top non-repeatable levels by time:
     D:2: 1176 daAuts
     D:1: 1058 daAuts
     D:4: 930 daAuts
     D:3: 907 daAuts
     D:7: 892 daAuts
     D:5: 839 daAuts
     D:8: 811 daAuts
     D:6: 670 daAuts
     D:9: 194 daAuts
  Temple: 4 daAuts
